 Dungeon Crawl Stone Soup version 0.31-a0-740-g87205ac768 (webtiles) character file.

Game seed: 1407528412733203585

47 ytrimaz the Trooper (level 3, -6/45 HPs)
             Began as a Demonspawn Fighter on Sept 12, 2023.
             Mangled by Sigmund
             ... wielding a +1 scythe of venom
              (8 damage)
             ... on level 2 of the Dungeon.
             The game lasted 00:01:49 (1271 turns).

ytrimaz the Trooper (Demonspawn Fighter)            Turns: 1271, Time: 00:01:50

Health: -6/45      AC: 21    Str: 18    XL:     3   Next: 48%
Magic:  3/3        EV:  2    Int:  9    God:
Gold:   89         SH:  0    Dex: 12    Spells: 2/2 levels left

rFire   . . .        a - +0 war axe
rCold   . . .        (no shield)
rNeg    . . .        b - melded +0 scale mail
rPois   +            (helmet currently unavailable)
rElec   .            (cloak currently unavailable)
rCorr   .            (gloves currently unavailable)
SInv    .            (boots currently unavailable)
Will    .....        (no amulet)
Stlth   +            (no ring)
HPRegen 0.27/turn    (no ring)
MPRegen 0.08/turn

%: no passive effects
@: confused, mighty, brilliant, tree-form, hasted, very quick
A: stationary, stasis, torment immunity, boosted hp, (claws 1)
a: no special abilities


You were on level 2 of the Dungeon.
You were a tree.
You visited 1 branch of the dungeon, and saw 2 of its levels.

You collected 89 gold pieces.


Innate Abilities, Weirdness & Mutations

You are a tree.
Your roots penetrate the ground, keeping you stationary.
You cannot be teleported.
You are immune to unholy pain and torment.
Your maximum health is greatly increased.
Your equipment is partially melded.
((You have sharp fingernails.))


   Skills:
 + Level 3.8 Fighting
 - Level 2.2 Axes
 - Level 2.6 Armour
 - Level 2.6 Shields
 + Level 1.3 Unarmed Combat


You had 2 spell levels left.
You didn't know any spells.
Your spell library was empty.

Inventory:

Hand Weapons
 a - a +0 war axe (weapon)
Armour
 b - a +0 scale mail (melded)
 c - a +0 buckler
Scrolls
 g - a scroll of poison {unknown}
 h - 3 scrolls of enchant armour {unknown}
 i - 2 scrolls of fear {unknown}
 j - 3 scrolls of identify {unknown}
 l - a scroll of torment {unknown}
 m - a scroll of amnesia {unknown}
Potions
 d - a potion of might
 f - a potion of brilliance

Dungeon Overview and Level Annotations

Branches:
Dungeon (2/15) Zot: 10697

Altars:

Annotations:
D:2 Sigmund

#.#.# ####.####
#.#.# #.......#
#.#.# #.#####.#
...... #.###.# #.#
...... #.##..# #.#
...... ####
#.##..# #.# ......
....
#.##..#####..#
......
##..#@##....(...#
......
##....♣...########
#...#.
...........#
......###..#
###?.# #..# #..
#..# ..? #..# ..#
#..# .. #... .##


You could see Sigmund.


Message History

You see here a giant cockroach corpse.
No target in view!
Unknown command.
A bat comes into view.
A bat is nearby!
The bat hits you but does no damage.
A bat is nearby!
You barely miss the bat. The bat closely misses you.
You slash the bat!
You kill the bat!
No target in view!
You see here a bat corpse.
Unknown command.
No target in view!
Key pressed, stopping explore.
You see here 2 poisoned darts.
Key pressed, stopping explore.
Sigmund the Dreaded comes into view.
He is wielding a +1 scythe of venom and wearing a +1 robe of fire resistance.
Sigmund asks, "Do you like me?" Sigmund gestures at you while chanting.
You resist with significant effort.
You completely miss Sigmund.
Sigmund hits you with a +1 scythe of venom!
You are poisoned. 😮 HP[-8]
You take 8 damage, and now have 22/30 hp.
MASSIVE DAMAGE!! (PAUSE)
You hit Sigmund but do no damage.
You feel very sick. Sigmund closely misses you. 😮 HP[-4]
You take 4 damage, and now have 18/30 hp.
Unknown command.
It was a potion of brilliance.
You feel clever all of a sudden.
You feel sick.
Sigmund hits you with a +1 scythe of venom.
* * * LOW HITPOINT WARNING * * *
You are lethally poisoned! 😨 HP[-6]
You take 6 damage, and now have 12/30 hp.
It was a potion of lignification.
You turn into a tree.
Your +0 scale mail melds into your body.
Your roots penetrate the ground.
* * * LOW HITPOINT WARNING * * *
You feel very sick. 😨 HP[+3]
You now have 45 max hp (+15).
You regained 3 hp, and now have 15/45 hp.
It was a potion of haste.
You feel yourself speed up.
* * * LOW HITPOINT WARNING * * *
You feel very sick.
Sigmund hits you but does no damage. 😨 HP[-3]
You take 3 damage, and now have 12/45 hp.
You hit Sigmund but do no damage.
You feel sick.
Sigmund hits you but does no damage. 😱 HP[-2]
You take 2 damage, and now have 10/45 hp.
You slash Sigmund!
You feel sick. 😱 HP[-1]
You take 1 damage, and now have 9/45 hp.
You closely miss Sigmund.
You feel sick. Sigmund gestures at you while chanting.
You are confused. 😱 HP[-2]
You take 2 damage, and now have 7/45 hp.
You cannot move. (Use ctrl+direction or * direction to attack while stationary and confused.)
You cannot move. (Use ctrl+direction or * direction to attack while stationary and confused.) Unknown command.
You cannot move. (Use ctrl+direction or * direction to attack while stationary and confused.) Unknown command.
You cannot move. (Use ctrl+direction or * direction to attack while stationary and confused.)
You are too confused!
You feel very mighty all of a sudden.
You feel sick.
Sigmund hits you but does no damage. 😱 HP[-1]
You take 1 damage, and now have 6/45 hp.
Unknown command.
You cannot move. (Use ctrl+direction or * direction to attack while stationary and confused.)
You cannot move. (Use ctrl+direction or * direction to attack while stationary and confused.) Unknown command.
You cannot move. (Use ctrl+direction or * direction to attack while stationary and confused.)
You attack the rock wall.
You feel sick. 😱 HP[-1]
You take 1 damage, and now have 5/45 hp.
You closely miss Sigmund.
You feel sick.
Sigmund points at you and mumbles some strange words.
You are more confused.
You slash Sigmund!
You feel sick.
Sigmund hits you but does no damage. 😱 HP[-1]
You take 1 damage, and now have 4/45 hp.
You barely miss Sigmund.
You feel sick. 😱 HP[-1]
You take 1 damage, and now have 3/45 hp.
You closely miss Sigmund.
You feel sick.
You are no longer poisoned.
Sigmund hits you with a +1 scythe of venom!
You die...
Sigmund begins carving another notch in his scythe.

Skill      XL: |  1  2 |
---------------+-------+-----
Axes           | 2 |  2.2
Unarmed Combat | 1 |  1.3
Fighting       | |  3.8
Armour         | |  2.6
Shields        | |  2.6

Action                     || total
---------------------------++-------
  Melee: War axe           ||    84
    Use: Potion            ||     4
 Armour: Scale mail        ||    67
         Skin              ||     5
  Dodge: Dodged            ||    40
  Block: Buckler           ||     4

Levels and vault maps discovered:
D:1:      minmay_arrival_wavy_path, layout_basic, serial_curves, eino_curves_01,
          eino_curves_02, eino_curves_03, ebering_ecumenical_altar_webs
D:2:      layout_loops_ring, uniq_sigmund

Notes
Turn   | Place    | Note
-------+----------+-------------------------------------------
     0 | D:1      | ytrimaz the Demonspawn Fighter began the quest for the Orb.
     0 | D:1      | Reached XP level 1. HP: 18/18 MP: 1/1
     0 | D:1      | magus.rc [v1.9.6]
   115 | D:1      | Found a faded altar of an unknown god.
   129 | D:1      | Reached skill level 2 in Axes
   267 | D:1      | Gained mutation: You have sharp fingernails. [demonic
                  | ancestry]
   267 | D:1      | Reached XP level 2. HP: 23/24 MP: 2/2
   918 | D:2      | Reached skill level 1 in Unarmed Combat
   918 | D:2      | Reached XP level 3. HP: 25/30 MP: 3/3
  1256 | D:2      | Noticed Sigmund
  1263 | D:2      | HP: 10/45 [poisoned by Sigmund]
  1268 | D:2      | HP: 5/45 [poisoned by Sigmund]
  1271 | D:2      | HP: 2/45 [poisoned by Sigmund]
  1271 | D:2      | Mangled by Sigmund

Vanquished Creatures
  An adder (D:2)
  2 dart slugs
  2 ball pythons
  4 endoplasms
  2 giant cockroaches (D:2)
  3 goblins
  5 hobgoblins
  2 quokkas
  5 bats
  2 frilled lizards (D:2)
  4 rats
32 creatures vanquished.

Table legend:
 A = Non-vault XP
 B = Vault XP
 C = Vault XP percentage of total XP
 D = Non-vault monster count
 E = Vault monster count
 F = Vault count percentage of total count
                 A         B        C        D         E       F
            +---------+---------+-------+---------+---------+-------
      Total |      68 |       0 |   0.0 |      32 |       0 |   0.0
            +---------+---------+-------+---------+---------+-------
        D:1 |      27 |       0 |   0.0 |      15 |       0 |   0.0
        D:2 |      41 |       0 |   0.0 |      17 |       0 |   0.0
            +---------+---------+-------+---------+---------+-------

Skill      XL: |  1  2 |
---------------+-------+-----
Axes           | 2 |  2.2
Unarmed Combat | 1 |  1.3
Fighting       | |  3.8
Armour         | |  2.6
Shields        | |  2.6

Action                     || total
---------------------------++-------
  Melee: War axe           ||    84
    Use: Potion            ||     4
 Armour: Scale mail        ||    67
         Skin              ||     5
  Dodge: Dodged            ||    40
  Block: Buckler           ||     4

Illustrated notes

Table legend:
 A = Kills in this place as a percentage of kills in the entire game.
 B = Kills by you in this place as a percentage of kills by you in the entire game.
 C = Kills by friends in this place as a percentage of kills by friends in the entire game.
 D = Other kills in this place as a percentage of other kills in the entire game.
 E = Experience gained in this place as a percentage of experience gained in the entire game.
 F = Experience gained in this place divided by the number of levels of this place that you have seen.
                   A       B       C       D       E      F
               +-------+-------+-------+-------+-------+----------------------
         Total | 100.0 | 100.0 |   N/A |   N/A | 100.0 |  34.0
       Dungeon | 100.0 | 100.0 |   N/A |   N/A | 100.0 |  34.0
               +-------+-------+-------+-------+-------+----------------------

Table legend: (Time is in decaauts)
 A = Elapsed time spent in this place.
 B = Non-inter-level travel time spent in this place.
 C = Inter-level travel time spent in this place.
 D = Time resting spent in this place.
 E = Time spent auto-exploring this place.
 F = Levels seen in this place.
 G = Mean time per level.
                   A        B        C        D        E       F      G
               +--------+--------+--------+--------+--------+-----+--------+
         Total |   1301 |   1283 |     18 |      0 |   1030 |   2 |  650.5 |
       Dungeon |   1301 |   1283 |     18 |      0 |   1030 |   2 |  650.5 |
               +--------+--------+--------+--------+--------+-----+--------+

Top non-repeatable levels by time:
     D:1: 898 daAuts
     D:2: 403 daAuts
